AoeStats
← Frank

Arabia

506340852Analyzed
1v1 RM · 18d ago on Sep 13, 2026· 42m 20s· 2 players
Game mode
Random Map
Map size
Tiny (2 player)
Population
200
Speed
Normal
Resources
Standard
Victory
Conquest
Starting age
Dark Age
Ending age
Imperial Age
RankedLock teamsTeams togetherTeam positionsShared explorationLock speedFull tech treeHidden civsTurbo modeCheats
Victory
Defeat
🇫🇷 Berbers · France
923
+13
🇲🇽 Turks · Mexico
866
-30
Frank
10:30 Feudal Age
11:08 Loom
12:01 Double-Bit Axe
17:15 Horse Collar
19:08 Bloodlines
20:22 Wheelbarrow
24:16 Castle Age
22:32 Forging
22:56 Scale Barding Armor
25:05 Gold Mining
25:18 Heavy Plow
25:24 Husbandry
26:08 Iron Casting
31:15 Bow Saw
33:09 Stone Mining
42:22 Imperial Age
40:53 Chain Barding Armor
spinofe
7:07 Loom
9:54 Feudal Age
10:43 Double-Bit Axe
18:53 Forging
18:49 Scale Barding Armor
21:04 Castle Age
18:53 Horse Collar
19:37 Gold Mining
20:10 Bloodlines
24:15 Bow Saw
24:50 Forging
26:00 Wheelbarrow
27:13 Husbandry
29:37 Iron Casting
29:23 Chain Barding Armor
31:36 Heavy Plow
35:15 Imperial Age
33:43 Hand Cart
33:35 Stone Mining
34:22 Light Cavalry
35:58 Hussar
37:32 Conscription
38:23 Kasbah
39:39 Crop Rotation
41:20 Gold Shaft Mining
42:35 Plate Barding Armor
43:02 Blast Furnace
Connection lost

Rejoining the realm…

Still unreachable

The connection could not be restored.

Session expired

The server has moved on; the page needs a fresh start.